 Dungeon Crawl Stone Soup version 0.27.0-1-g7a089689b8 (webtiles) character file.

Game seed: 7872938352173176274

335 Strat the Skirmisher (level 6, -5/58 HPs)
             Began as a Ghoul Conjurer on Aug 9, 2021.
             Slain by a hornet (9 damage)
             ... in the Ecumenical Temple.
             The game lasted 00:06:21 (4303 turns).

Strat the Skirmisher (Ghoul Conjurer)               Turns: 4303, Time: 00:06:21

Health: -5/58      AC:  3    Str: 13    XL:     6   Next: 53%
Magic:  7/7        EV: 11    Int: 13    God:
Gold:   150        SH:  0    Dex:  7    Spells: 7/8 levels left

rFire    . . .     SeeInvis .   a - +0 dagger (elec)
rCold    + . .     Faith    .   (no shield)
rNeg     + + +     Spirit   .   l - +0 leather armour
rPois    ∞         Reflect  .   (no helmet)
rElec    .         Harm     .   (no cloak)
rCorr    .         Rampage  .   (no gloves)
Will     .....                  (no boots)
Stlth    +.........             (no amulet)
HPRegen  0.00/turn              (no ring)
MPRegen  0.10/turn              (no ring)

@: inhibited regen
A: claws 1, cold resistance 1, negative energy resistance 3, inhibited
regeneration, torment resistance 2
a: no special abilities


You were in the Ecumenical Temple.
You visited 2 branches of the dungeon, and saw 6 of its levels.

You collected 150 gold pieces.

Inventory:

Hand Weapons
 a - a +0 dagger of electrocution (weapon)
 b - a +0 hunting sling
 c - a +0 dagger
 j - a +1 dagger of venom
Missiles
 h - 17 sling bullets
 o - 123 stones
 s - 5 boomerangs
Armour
 e - a +0 robe
 i - a +0 buckler
 l - a +0 leather armour (worn)
Scrolls
 d - a scroll of fog {unknown}
 f - 2 scrolls of teleportation {unknown}
 m - 3 scrolls of blinking {unknown}
 n - 4 scrolls of identify {unknown}
Potions
 g - a potion of haste {unknown}
 k - a potion of heal wounds {unknown}
 p - a potion of lignification {unknown}
 q - a potion of flight {unknown}
 r - a potion of cancellation


   Skills:
 + Level 6.9 Fighting
 - Level 1.7 Dodging
 - Level 2.1 Stealth
 - Level 1.7 Spellcasting
 - Level 3.2 Conjurations


You had 7 spell levels left.
You knew the following spells:

 Your Spells              Type           Power      Damage    Failure   Level
a - Magic Dart            Conj           36%        1d4       9%          1

Your spell library contained the following spells:

 Spells                   Type           Power      Damage    Failure   Level
 Searing Ray              Conj           18%        3d3       13%         2
 Dazzling Flash           Conj/Hex       10%        N/A       45%         3
 Fulminant Prism          Conj/Hex       2%         3d6       86%         4
 Iskenderun's Mystic Bla  Conj/Tloc      5%         2d3       86%         4


Dungeon Overview and Level Annotations

Branches:
Dungeon (5/15)             Temple (1/1) D:4

Altars:
Fedhas

Shops:
D:3 :*:=


Innate Abilities, Weirdness & Mutations

You thrive by killing the living.
You are immune to poison.
You have sharp fingernails.
Your flesh is cold resistant. (rC+)
You are immune to negative energy. (rN+++)
You do not regenerate when monsters are visible.
You are immune to unholy pain and torment.


Message History

There is a stone staircase leading down here.
The hobgoblin shouts!
You hit the hobgoblin but do no damage. The hobgoblin hits you.
You barely miss the hobgoblin. The hobgoblin hits you.
You barely miss the hobgoblin. The hobgoblin hits you.
You hit the hobgoblin but do no damage.
Lightning courses through the hobgoblin!
You kill the hobgoblin!
Found 14 stones.
Found a staircase to the Ecumenical Temple.
There is a fountain of clear blue water here.
A hornet comes into view.
The hornet buzzes angrily.
Found 7 gold pieces.
You see here 14 stones.
o - 123 stones (gained 14)
The hornet stings you!
* * * LOW HITPOINT WARNING * * *
The hornet barely misses you.
There is a staircase to the Ecumenical Temple here.
The hornet stings you!
* * * LOW HITPOINT WARNING * * *
You climb downwards.
Welcome to the Ecumenical Temple!
There is a staircase back to the Dungeon here.
You miss the hornet. The hornet stings you.
* * * LOW HITPOINT WARNING * * *
The hornet barely misses you.
You hit the hornet but do no damage. The hornet closely misses you.
You hit the hornet but do no damage. The hornet stings you!
* * * LOW HITPOINT WARNING * * *
The hornet stings you.
* * * LOW HITPOINT WARNING * * *
You hit the hornet but do no damage. The hornet stings you.
* * * LOW HITPOINT WARNING * * *
You hit the hornet but do no damage. The hornet completely misses you.
The hornet stings you.
* * * LOW HITPOINT WARNING * * *
You closely miss the hornet. The hornet barely misses you.
You barely miss the hornet. The hornet stings you!
You die...

#######
###.....###
##.........##
#...........#
#.....@.....#
#.....y.....#
##.........##
###.....###
###+###


You could see a hornet.

Vanquished Creatures
  A water moccasin skeleton (D:3)
  A wight (D:5)
  A hound (D:5)
  An orc priest (D:3)
  An iguana (D:5)
  2 orc wizards (D:3)
  2 adders (D:2)
  2 worms (D:2)
  A dart slug (D:1)
  7 orcs
  8 bats
  3 endoplasms
  3 giant cockroaches
  5 goblins
  6 hobgoblins
  8 jackals
  4 quokkas
  3 ball pythons (D:2)
  4 frilled lizards
  10 kobolds
  7 rats
80 creatures vanquished.

Vanquished Creatures (others)
  15 plants (D:1)
15 creatures vanquished.

Grand Total: 95 creatures vanquished

Notes
Turn   | Place    | Note
-------+----------+-------------------------------------------
     0 | D:1      | Strat the Ghoul Conjurer began the quest for the Orb.
     0 | D:1      | Reached XP level 1. HP: 14/14 MP: 2/2
   124 | D:1      | Reached skill level 1 in Fighting
   172 | D:1      | Reached XP level 2. HP: 24/24 MP: 3/3
   194 | D:1      | Found a faded altar of an unknown god.
   390 | D:1      | Reached skill level 2 in Fighting
  1101 | D:2      | Reached XP level 3. HP: 30/30 MP: 4/4
  1113 | D:2      | Reached skill level 3 in Fighting
  2003 | D:2      | Reached XP level 4. HP: 40/40 MP: 5/5
  2041 | D:2      | Reached skill level 4 in Fighting
  2324 | D:3      | Found Xyrugodeops's Assorted Antiques.
  2361 | D:3      | Reached XP level 5. HP: 24/47 MP: 6/6
  2551 | D:3      | Reached skill level 5 in Fighting
  2561 | D:3      | Found Fofi's Book Boutique.
  2686 | D:3      | Found Zodd's Book Emporium.
  3052 | D:3      | Reached skill level 6 in Fighting
  3228 | D:3      | Found Cumauts's Jewellery Shoppe.
  3388 | D:5      | Entered Level 5 of the Dungeon
  3404 | D:5      | Reached XP level 6. HP: 7/58 MP: 7/7
  3922 | D:5      | Found a blossoming altar of Fedhas.
  4286 | D:4      | Found a staircase to the Ecumenical Temple.
  4291 | D:4      | Noticed a hornet
  4296 | Temple   | Entered the Ecumenical Temple
  4303 | Temple   | Slain by a hornet

Illustrated notes

Levels and vault maps discovered:
D:1:      dpeg_arrival_lava_temple_mockup, layout_basic,
          dreamdust_ecumenical_altar_angels_and_demons, serial_bayou_pond_c
D:2:      layout_loops_ring
D:3:      layout_rooms, serial_shops, shop_statue, shop,
          nicolae_shop_overgrown_old_shop, nicolae_shop_statue_plus
D:4:      layout_rooms, minmay_temple_entry_antechambers, serial_shops,
          nicolae_diamond_shop, minmay_fractal_squares_gapless_5, uniq_duvessa
D:5:      minmay_octagon_keep, layout_loops_corners,
          mainiacjoe_overflow_boulevard, minmay_ogre_servants, uniq_sigmund
Temple:   dpeg_five_rooms_temple

Skill      XL: |  1  2  3  4  5 |
---------------+----------------+-----
Fighting       | 1 2 3 4 6 |  6.9
Dodging        | |  1.7
Stealth        | |  2.1
Spellcasting   | |  1.7
Conjurations   | |  3.2

Action                   |  1- 3 |  4- 6 || total
-------------------------+-------+-------++-------
Melee: Dagger            |   125 |   136 ||   261
 Fire: Hunting sling     |     3 |    90 ||    93
 Cast: Magic Dart        |     4 |       ||     4
  Use: Potion            |       |     1 ||     1
 Stab: Sleeping          |     2 |     1 ||     3
Armor: Robe              |    27 |       ||    27
       Leather armour    |     4 |    38 ||    42
Dodge: Dodged            |    68 |    89 ||   157
